 Dungeon Crawl Stone Soup version 0.18-a0-76-g3fe7f8b (webtiles) character file.

1695 Proton the Chopper (level 8, -7/75 HPs)
             Began as a Deep Dwarf Fighter on Nov 12, 2015.
             Was an Initiate of Ru.
             Mangled by an orc warrior
             ... wielding a +0 war axe
              (8 damage)
             ... on level 6 of the Dungeon.
             The game lasted 00:12:33 (3715 turns).

Proton the Chopper (Deep Dwarf Fighter)             Turns: 3715, Time: 00:12:33

Health: -7/75      AC: 11    Str: 27    XL:     8   Next: 72%
Magic:  8/8        EV: 11    Int:  9    God:    Ru [......]
Gold:   278        SH: 10    Dex: 12    Spells: 0 memorised, 7 levels left

rFire  + . .     SeeInvis .     C - +1 trident (vamp)
rCold  + . .     Clarity  .     g - +2 ring mail {rC+}
rNeg   . . .     SustAt   .     c - +0 shield
rPois  .         Gourm    .     o - +0 helmet
rElec  .         Spirit   .     u - +0 cloak
rCorr  .         Warding  .     (no gloves)
rMut   .         Stasis   .     (no boots)
MR     +....                    (no amulet)
Stlth  +.........               G - ring of protection from cold
                                F - ring of fire

@: mighty, non-regenerating, somewhat resistant to hostile enchantments, very
unstealthy
A: damage resistance, recharge devices, sense surroundings 1, slow regeneration
3
a: Device Recharging, Renounce Religion


You were on level 6 of the Dungeon.
You worshipped Ru.
Ru was noncommittal.
You were not hungry.

You visited 1 branch of the dungeon, and saw 6 of its levels.

You collected 278 gold pieces.

Inventory:

Hand Weapons
 a - a +0 war axe
 C - a +1 vampiric trident (weapon)
Armour
 c - a +0 shield (worn)
 g - a +2 ring mail of cold resistance (worn)
 o - a +0 helmet (worn)
 u - a +0 cloak (worn)
Jewellery
 F - a ring of fire (left hand)
 G - a ring of protection from cold (right hand)
Wands
 e - a wand of heal wounds (0)
Scrolls
 k - 5 scrolls of remove curse {unknown}
 l - a scroll of fog {unknown}
 m - a scroll of teleportation {unknown}
 r - 6 scrolls of identify
 s - 3 scrolls of immolation {unknown}
 w - a scroll of noise {unknown}
 x - a scroll of blinking {unknown}
 y - a scroll of random uselessness {unknown}
 z - a scroll of magic mapping {unknown}
 B - a scroll of enchant weapon {unknown}
 H - a scroll of recharging {unknown}
Potions
 d - a potion of might
 h - 7 potions of curing
 i - a potion of cure mutation {unknown}
 j - a potion of ambrosia {unknown}
 n - a potion of poison {unknown}
 p - 2 potions of lignification {unknown}
 q - 3 potions of degeneration {unknown}
 t - a potion of mutation {unknown}
 A - a potion of heal wounds
 E - a potion of resistance {unknown}
 J - a potion of brilliance {unknown}
Books
 D - a Young Poisoner's Handbook

   Spells                             Type                      Level
   a - Sting                          Conjuration/Poison           1
   b - Cure Poison                    Poison                       2
   c - Mephitic Cloud                 Conjuration/Poison/Air       3
   d - Olgreb's Toxic Radiance        Poison                       4
   e - Venom Bolt                     Conjuration/Poison           5
Comestibles
 b - 4 meat rations
 f - 2 bread rations
 I - 4 fruits


   Skills:
 + Level 5.5 Fighting
 + Level 6.8 Axes
 + Level 6.6 Armour
 + Level 6.0 Dodging
 - Level 3.2 Shields


You had 7 spell levels left.
You didn't know any spells.

Dungeon Overview and Level Annotations

Branches:
Dungeon (6/15)
 Temple: D:4-7

Altars:
Fedhas
Makhleb
Ru
Zin

Shops:
D:5 *


Innate Abilities, Weirdness & Mutations

You are resistant to damage.
You can recharge devices by infusing magical energy.
You passively map a small area around you.
You do not regenerate naturally.


Message History

There is an open door here.
An orc priest and an orc wizard come into view.
The orc priest shouts!
The orc wizard shouts!
An orc warrior and 2 orc priests come into view.
The orc warrior shouts!
An orc comes into view.
You puncture the orc priest!
You feel better.
You kill the orc priest!
An orc priest comes into view. It is wielding a hand axe.
The orc priest shouts!
You hit the orc warrior but do no damage.
The orc warrior hits you with a war axe!!
* * * LOW HITPOINT WARNING * * *
Evoke which item? (* to show all) (? for menu, Esc to quit)
Okay, then.
You feel very mighty all of a sudden.
You hit the orc warrior.
The orc warrior is lightly wounded.
The orc warrior hits you with a war axe!
You die...

.)...... #., , ,
........ ..,#.#### #*
.[...... ,...#......#
........
........#.####o, *
........ ......oo...oo.o
........ , ,, #o# + *
........, , * #.#, *
'#################o# * *
>.............(.@oo# , ,
###......######.####..,*
+.'......'.............
,
###......###.....###...*
# #......+........# * ,*
* # #......###....#.# #
#......# #....#.# , #
#......# #....#..* #
#......#*#....#..#


You could see an orc warrior, an orc priest and an orc wizard.

Vanquished Creatures
  Grinder (D:3)
  Sigmund (D:3)
  A water moccasin (D:5)
  2 ice beasts (D:5)
  An orc warrior (D:5)
  5 ogres
  3 crimson imps (D:5)
  2 hounds (D:5)
  A centaur skeleton (D:4)
  Ijyb (D:2)
  An orc priest (D:6)
  4 orc wizards
  Natasha (twice) (D:3)
  A worker ant (D:4)
  A hound zombie (D:5)
  3 adders
  2 oozes
  4 worms
  2 giant geckos
  5 orcs
  6 giant cockroaches
  9 goblins
  10 hobgoblins
  3 jackals (D:4)
  6 bats
  A giant gecko skeleton (D:4)
  5 giant newts
  A jackal zombie (D:5)
  7 kobolds
  A quokka (D:4)
  12 rats
104 creatures vanquished.

Notes
Turn   | Place    | Note
--------------------------------------------------------------
     0 | D:1      | Proton the Deep Dwarf Fighter began the quest for the Orb.
     0 | D:1      | Reached XP level 1. HP: 20/20 MP: 1/1
   243 | D:1      | Reached XP level 2. HP: 25/27 MP: 2/2
   271 | D:1      | Reached skill level 1 in Dodging
   614 | D:1      | Reached XP level 3. HP: 28/33 MP: 3/3
   870 | D:2      | Noticed Ijyb
   888 | D:2      | Killed Ijyb
   922 | D:2      | Reached XP level 4. HP: 11/42 MP: 4/4
  1271 | D:2      | Found a blossoming altar of Fedhas.
  1345 | D:2      | Found a burning altar of Makhleb.
  1497 | D:3      | Noticed Grinder
  1615 | D:3      | Noticed Natasha
  1616 | D:3      | Noticed Sigmund
  1627 | D:3      | Killed Natasha
  1644 | D:3      | Killed Sigmund
  1644 | D:3      | Reached skill level 4 in Axes
  1644 | D:3      | Reached XP level 5. HP: 34/50 MP: 5/5
  1644 | D:3      | Reached XP level 6. HP: 38/57 MP: 6/6
  1656 | D:3      | Found a faded altar to an unknown god.
  1946 | D:3      | Noticed Natasha
  1961 | D:3      | Killed Natasha
  1977 | D:3      | Killed Grinder
  2059 | D:4      | Reached skill level 5 in Armour
  2059 | D:4      | Reached XP level 7. HP: 20/64 MP: 7/7
  2264 | D:4      | Reached skill level 5 in Axes
  2728 | D:5      | Entered Level 5 of the Dungeon
  2819 | D:5      | Reached skill level 5 in Dodging
  2819 | D:5      | Reached XP level 8. HP: 16/73 MP: 8/8
  2911 | D:5      | Found a sacrificial altar of Ru.
  2927 | D:5      | Became a worshipper of Ru the Awakened
  3061 | D:5      | Reached skill level 5 in Fighting
  3061 | D:5      | Reached skill level 6 in Axes
  3546 | D:5      | Found Zin's Purification Station.
  3551 | D:5      | Found a glowing silver altar of Zin.
  3713 | D:6      | HP: 1/75 [orc warrior/war axe (17)]
  3715 | D:6      | Mangled by an orc warrior

Vault maps used:
D:1:      dpeg_arrival_morbid_curiosity
D:2:      marbit_many_paths, lemuel_round_altar, uniq_iyjb
D:3:      ecumenical_altar_1, uniq_grinder, uniq_sigmund, uniq_natasha
D:4:      grunt_decor_arrowhead
D:5:      nicolae_ru_awakened_eye, zin_purify, first_bread
D:6:      lemuel_doored_altar, minmay_bad_closet

Action                   |  1- 3 |  4- 6 |  7- 9 || total
-------------------------+-------+-------+-------++-------
Melee: War axe           |    92 |   131 |   143 ||   366
       Trident           |       |       |   192 ||   192
Evoke: Wand              |       |     2 |     7 ||     9
  Use: Scroll            |       |       |     1 ||     1
       Potion            |       |       |     1 ||     1
  Eat: Bread ration      |       |     1 |     1 ||     2
       Meat ration       |       |       |     1 ||     1
       Pizza             |       |       |     1 ||     1
